[Event "*** Titled Tuesday Blitz"]
[Site "Chess.com"]
[Date "2020.11.10"]
[Round "9"]
[White "Blitzking642"]
[Black "Qvalda"]
[Result "0-1"]
[WhiteElo "2286"]
[BlackElo "2425"]
[TimeControl "180+1"]
[EndTime "11:50:51 PST"]
[Termination "Qvalda won by resignation"]

1. e4 c6 2. c4 d5 3. cxd5 cxd5 4. exd5 Nf6 5. Qa4+ Nbd7 6. Nc3 g6 7. Bc4 Bg7 8.
d3 O-O 9. Nf3 a6 10. Qa3 Rb8 11.
Qb4 b5 12. Bb3 a5 13. Qh4 a4 14. Bc2 b4 15. Ne4 b3 16. axb3 axb3 17. Bb1 Nxd5 18. Nfg5 h6 19. Nf3 e5 20. Qxd8 Rxd8 21. O-O Kh7 22.
Nd6 f5 23. Bd2 Nc5 24. Nxc8 Rbxc8 25. Ra7 Rc7 26. Rxc7 Nxc7 27. Rc1 N7e6 28. Bc3 Nxd3 29. Bxd3 Rxd3 30. Bxe5 Bxe5 31. Nxe5 Rd2 32. Rb1 Kg7 33. Nc4 Rc2 34. Ne3 Rd2 35. Nc4 Rd4 36. Na5 Nc5 37. Rc1 Ra4 38. Nc4 Nd3 0-1

[Event "*** Titled Tuesday Blitz"]
[Site "Chess.com"]
[Date "2020.11.10"]
[Round "9"]
[White "VerdeNotte"]
[Black "Azerichess"]
[Result "1/2-1/2"]
[WhiteElo "2898"]
[BlackElo "2976"]
[TimeControl "180+1"]
[EndTime "11:50:52 PST"]
[Termination "Game drawn by agreement"]

1. e4 c6 2. d4 d5 3. exd5 cxd5 4. Nf3 Nc6 5. Ne5 e6 6. Bb5 Qc7 7. c4 Bb4+ 8. Bd2 Bxd2+ 9. Nxd2 Ne7 10. cxd5 exd5 11.
Rc1 O-O 12. O-O Qb6 13. Bxc6 bxc6 14. Nb3 a5 15. Re1 f6 16. Nf3 Nf5 17. Qc2 a4 18. Nc5 Qa7 19. Ne6 Bxe6 20. Rxe6 Nxd4 21. Nxd4 Qxd4 22.
Rxc6 Rfb8 23. Rc3 h6 24. Rd1 Qe4 25. g3 Rb5 26. Qd2 Rab8 27. b3 axb3 28. axb3 Rxb3 29.
Rxb3 Rxb3 1/2-1/2

[Event "*** Titled Tuesday Blitz"]
[Site "Chess.com"]
[Date "2020.11.10"]
[Round "9"]
[White "DinaBelenkaya"]
[Black "enriquetejedor"]
[Result "1-0"]
[WhiteElo "2345"]
[BlackElo "2469"]
[TimeControl "180+1"]
[EndTime "11:50:53 PST"]
[Termination "DinaBelenkaya won by checkmate"]

1. e4 Nc6 2. d4 d6 3. d5 Ne5 4. c4 Nf6 5. Nc3 g6 6. Be2 Bg7 7. h3 O-O 8. f4 Ned7 9. Nf3 c6 10. O-O Nc5 11. e5 Nfe4 12. Nxe4 Nxe4 13. Qd4 Ng3 14. Re1 Nf5 15. Qf2 cxd5 16. g4 Nh6 17.
cxd5 dxe5 18. fxe5 Qxd5 19. Rd1 Qe6 20. Bf4 f6 21. Rac1 Nf7 22. Bc4 Qb6 23. Be3 Qa5 24. Rd5 b5 25. Rxb5 Qa4 26. b3 Qa6 27. Rb8 Qc6 28. Bxf7+ Kxf7 29. Rxc6 Rxb8 30. Bxa7 Rb7 31. Qc5 Bd7 32. e6+ Bxe6 33. Nd4 Bd7 34. Rc7 Rxc7 35.
Qxc7 Be8 36. Qc4+ e6 37. Qxe6# 1-0

[Event "*** Titled Tuesday Blitz"]
[Site "Chess.com"]
[Date "2020.11.10"]
[Round "9"]
[White "Piotrek1979"]
[Black "nitpicker"]
[Result "0-1"]
[WhiteElo "2449"]
[BlackElo "2252"]
[TimeControl "180+1"]
[EndTime "11:50:54 PST"]
[Termination "nitpicker won by resignation"]

1. Nf3 Nf6 2. g3 b6 3. Bg2 Bb7 4. O-O e6 5. d3 c6 6. e4 d5 7. e5 Nfd7 8. d4 c5 9. c3 Nc6 10. Re1 h6 11. h4 Be7 12. Na3 a6 13. Nc2 Qc7 14. Bf4 O-O-O 15. Ne3 Rdg8 16. Nxd5 exd5 17. e6 Bd6 18. exd7+ Qxd7 19. Bxd6 Qxd6 20. Ne5 Nd8 21. Qg4+ Kc7 22. Qf4 g5 23. hxg5 hxg5 24. Qf5 Bc8 25. Qf3 Be6 26. c4 g4 27. Qa3 f6 28. Qxa6 fxe5 29.
dxe5 Qc6 30. cxd5 Bxd5 31. Qa7+ Nb7 0-1

[Event "*** Titled Tuesday Blitz"]
[Site "Chess.com"]
[Date "2020.11.10"]
[Round "9"]
[White "CM_rui"]
[Black "Ranindu2003"]
[Result "0-1"]
[WhiteElo "2395"]
[BlackElo "2544"]
[TimeControl "180+1"]
[EndTime "11:50:56 PST"]
[Termination "Ranindu2003 won on time"]

1. e4 g6 2. d4 Bg7 3. c4 d6 4. Nc3 Nc6 5. Nf3 Bg4 6. Be3 e5 7.
d5 Nd4 8. Bxd4 exd4 9. Nb5 c6 10. Nbxd4 Bxf3 11. gxf3 Qa5+ 12. Ke2 Qc5 13. Ke3 f5 14. f4 Nf6 15. b4 Ng4+ 16. Kf3 Qxd4 17. Qxd4 Bxd4 18.
Re1 O-O-O 19. exf5 Nxf2 20. Rg1 gxf5 21. Rg5 Rhf8 22. Re7 Bf6 23. Rxh7 Bxg5 24. fxg5 Ne4 25. Kf4 Rh8 0-1

[Event "*** Titled Tuesday Blitz"]
[Site "Chess.com"]
[Date "2020.11.10"]
[Round "9"]
[White "Neftegor"]
[Black "Marianov_Podstavnikov"]
[Result "1-0"]
[WhiteElo "2466"]
[BlackElo "2260"]
[TimeControl "180+1"]
[EndTime "11:51:00 PST"]
[Termination "Neftegor won by resignation"]

1. d4 Nf6 2. c4 e6 3. Nc3 Bb4 4. e3 d5 5. cxd5 exd5 6. Bd3 O-O 7. Ne2 c5 8. a3 Bxc3+ 9. bxc3 b6 10. f3 Ba6 11. O-O Re8 12. Ng3 Qd7 13. Ra2 Bxd3 14. Qxd3 Qa4 15. e4 Nc6 16. e5 Nd7 17. Be3 Nf8 18.
Rd2 Ne6 19. f4 cxd4 20. cxd4 Nc7 21. f5 Qb5 22. Rc1 Rac8 23. Qc3 Na5 24. Rb2 Qd7 25. Qe1 Nc4 26. Rbc2 Nb5 27. a4 Nba3 28. Rc3 Nxe3 29. Qxe3 Nc4 30. Qg5 h6 31. Qg4 Nd2 32. Nh5 1-0

[Event "*** Titled Tuesday Blitz"]
[Site "Chess.com"]
[Date "2020.11.10"]
[Round "9"]
[White "TigrVShlyape"]
[Black "DenisQ"]
[Result "1/2-1/2"]
[WhiteElo "2848"]
[BlackElo "2645"]
[TimeControl "180+1"]
[EndTime "11:51:02 PST"]
[Termination "Game drawn by agreement"]

1. d4 d5 2. Nf3 Nf6 3. Bf4 c5 4.
e3 cxd4 5. exd4 Bg4 6. Nbd2 Nc6 7. c3 Bxf3 8. Nxf3 e6 9. Bd3 Bd6 10. Bg3 O-O 11. Qe2 Re8 12. Ne5 Bxe5 13. dxe5 Nd7 14.
Rd1 Qc7 15. O-O Ndxe5 16. Bb5 f6 17. Rfe1 a6 18. Bxc6 bxc6 19. Bxe5 fxe5 20. Qxe5 Qxe5 21. Rxe5 Rab8 22. b3 a5 23. f4 g6 24. Kf2 Kf7 25.
Ke3 Rec8 26. Kd2 a4 27. b4 c5 28. a3 cxb4 29. cxb4 Rc4 30. Rde1 Rb6 31. g3 Rbc6 32.
R1e2 Rc2+ 33. Ke1 R2c3 34. R5e3 d4 35. Rxc3 Rxc3 36. Rd2 Rxa3 37. Rxd4 h5 38. b5 Rb3 39. Rxa4 Rxb5 1/2-1/2

[Event "*** Titled Tuesday Blitz"]
[Site "Chess.com"]
[Date "2020.11.10"]
[Round "9"]
[White "Andreikka"]
[Black "Semen_Khanin"]
[Result "0-1"]
[WhiteElo "2941"]
[BlackElo "2801"]
[TimeControl "180+1"]
[EndTime "11:51:05 PST"]
[Termination "Semen_Khanin won by resignation"]

1. e4 e5 2. Nf3 Nc6 3. Bb5 a6 4. Ba4 Nf6 5. O-O Nxe4 6. d4 Be7 7. dxe5 Nc5 8. Bb3 O-O 9. Nc3 d6 10. exd6 Qxd6 11. Nd5 Nxb3 12. axb3 Be6 13. Nxe7+ Qxe7 14. Qd3 Rad8 15. Qc3 h6 16. Be3 Rd5 17. Nd4 Nxd4 18. Bxd4 Qg5 19. Be3 Qe7 20. h3 Rfd8 21. Ra4 Rd1 22.
Rxd1 Rxd1+ 23. Kh2 Rd5 24. Bf4 c6 25. Re4 Qc5 26.
Qg3 Qxc2 27. Bxh6 Qxb2 28. Qb8+ Kh7 29. Rh4 gxh6 30. Qf4 Qe5 0-1

[Event "*** Titled Tuesday Blitz"]
[Site "Chess.com"]
[Date "2020.11.10"]
[Round "9"]
[White "guillembaches"]
[Black "MPGM"]
[Result "0-1"]
[WhiteElo "2380"]
[BlackElo "2470"]
[TimeControl "180+1"]
[EndTime "11:51:05 PST"]
[Termination "MPGM won on time"]

1. e4 c6 2. d4 d5 3. exd5 cxd5 4. Bd3 Nc6 5. c3 Qc7 6. h3 Nf6 7. Nf3 g6 8. O-O Bf5 9. Be2 Bg7 10. Re1 O-O 11. Be3 h6 12. Nbd2 g5 13. Nf1 e6 14.
N1h2 Bg6 15. Ng4 Ne4 16. Nd2 f5 17. Nh2 f4 18. Bg4 fxe3 19. Bxe6+ Bf7 20. Bxf7+ Qxf7 21. Nxe4 exf2+ 22. Nxf2 Qxf2+ 23. Kh1 Rae8 24. Rxe8 Rxe8 25. Ng4 Qe2 26. Qb3 Qe6 27. Qxb7 h5 28. Nh2 g4 29. h4 Rb8 30. Qa6 Rxb2 31. Rf1 Kh7 32. Qd3+ Qe4 33. Qg3 Rxa2 34. Re1 Rxg2 35. Rxe4 Rxg3 36.
Re6 Rxc3 0-1

[Event "*** Titled Tuesday Blitz"]
[Site "Chess.com"]
[Date "2020.11.10"]
[Round "9"]
[White "Sanan_Sjugirov"]
[Black "NikolaGry"]
[Result "0-1"]
[WhiteElo "2818"]
[BlackElo "2651"]
[TimeControl "180+1"]
[EndTime "11:51:06 PST"]
[Termination "NikolaGry won on time"]

1. e4 e5 2. Nf3 d6 3. d4 exd4 4. Nxd4 Nf6 5. Nc3 g6 6. Be2 Bg7 7. h4 O-O 8. h5 Re8 9. hxg6 hxg6 10. Bg5 Nc6 11. Qd2 Bd7 12. Nxc6 Bxc6 13. O-O-O b5 14.
Bxb5 Bxb5 15. Nxb5 Qb8 16. Bxf6 Bxf6 17. Nc3 Rxe4 18.
b3 Re6 19. Nd5 Bg7 20. Rde1 Qd8 21. Kb1 c6 22. Nf4 Qf6 0-1

[Event "*** Titled Tuesday Blitz"]
[Site "Chess.com"]
[Date "2020.11.10"]
[Round "9"]
[White "louis198"]
[Black "Harsha_Bharathakoti"]
[Result "1-0"]
[WhiteElo "2584"]
[BlackElo "2778"]
[TimeControl "180+1"]
[EndTime "11:51:06 PST"]
[Termination "louis198 won by resignation"]

1. d4 Nf6 2. c4 e6 3. Nc3 Bb4 4. Qb3 c5 5. e3 O-O 6. Bd3 Nc6 7.
Ne2 b6 8. O-O Bb7 9. a3 Bxc3 10.
Qxc3 cxd4 11. exd4 Rc8 12. b4 Ne7 13. Qd2 Ng6 14.
Bb2 d6 15. Ng3 Re8 16. Rae1 Qc7 17. f4 e5 18. fxe5 dxe5 19. Bxg6 hxg6 20. dxe5 Nh7 21.
Rf4 Rcd8 22. Qf2 Ng5 23. h4 Ne6 24. Rg4 Rd3 25. h5 g5 26. h6 gxh6 27. Nf5 Kh7 28.
Nd6 Rxd6 29. exd6 Qd7 30. Qf5+ Kg8 31. Qf6 Kh7 32. Rge4 Rg8 33. Rxe6 fxe6 34. Rxe6 1-0

[Event "*** Titled Tuesday Blitz"]
[Site "Chess.com"]
[Date "2020.11.10"]
[Round "9"]
[White "MoreChessJulia"]
[Black "BikingBrian"]
[Result "1-0"]
[WhiteElo "2109"]
[BlackElo "2263"]
[TimeControl "180+1"]
[EndTime "11:51:07 PST"]
[Termination "MoreChessJulia won by resignation"]

1. d4 Nf6 2. c4 g6 3. f3 Bg7 4. e4 O-O 5. Nc3 c5 6. d5 d6 7. Bg5 e6 8. Qd2 exd5 9. cxd5 a6 10. a3 b5 11. b4 c4 12. Nge2 h6 13. Be3 Kh7 14. h3 Nh5 15. g4 Nf6 16.
Nd4 Re8 17. Be2 Ng8 18. O-O f5 19. Nc6 Nxc6 20. dxc6 fxg4 21. fxg4 Nf6 22. Bf3 d5 23. exd5 Nxd5 24. Nxd5 Bxa1 25. Rxa1 Be6 26. Rd1 Bxd5 27. Bxd5 Qh4 28. Kg2 Re7 29. Bc5 Rg7 30. Qf2 Qxf2+ 31.
Bxf2 Rf8 32. Bg3 Re7 33. Bf3 Ref7 34. c7 c3 35. Rc1 Rc8 36. Rxc3 h5 37. gxh5 gxh5 38.
Bxh5 Rd7 39. Bg4 Rd2+ 40. Kg1 Rg8 41. c8=Q Rxc8 1-0

[Event "*** Titled Tuesday Blitz"]
[Site "Chess.com"]
[Date "2020.11.10"]
[Round "9"]
[White "arminmusovic"]
[Black "Omk124"]
[Result "1-0"]
[WhiteElo "2561"]
[BlackElo "2396"]
[TimeControl "180+1"]
[EndTime "11:51:09 PST"]
[Termination "arminmusovic won by resignation"]

1. a3 e5 2. Nc3 d5 3. d4 exd4 4. Qxd4 Nf6 5. e4 Be6 6. Bg5 Be7 7. O-O-O Nxe4 8. Bxe7 Qxe7 9. Qxg7 Qf6 10. Qxf6 Nxf6 11. Nf3 Nbd7 12. Nb5 O-O-O 13. Nxa7+ Kb8 14. Nb5 Ne4 15.
Re1 Nxf2 16. Rg1 Rhg8 17. Nbd4 Ne4 18. Bd3 Ndc5 19. b4 Nxd3+ 20. cxd3 Nf2 21. Kd2 Bg4 22. Ne5 Bh5 23. h3 f6 24. Nec6+ bxc6 25. Nxc6+ Kc8 26.
Nxd8 Kxd8 27. Ref1 Nxd3 28. Kxd3 Rg3+ 29. Kd4 Rd3+ 30.
Kxd3 1-0

[Event "*** Titled Tuesday Blitz"]
[Site "Chess.com"]
[Date "2020.11.10"]
[Round "9"]
[White "joppie2"]
[Black "AlexeiShirov"]
[Result "1/2-1/2"]
[WhiteElo "2969"]
[BlackElo "2823"]
[TimeControl "180+1"]
[EndTime "11:51:10 PST"]
[Termination "Game drawn by repetition"]

1. e4 e5 2. Nf3 Nc6 3. Bc4 Nf6 4. d3 h6 5. a4 g5 6. Nbd2 g4 7. Ng1 d5 8. exd5 Nxd5 9. Ne2 Be6 10. O-O h5 11. d4 Nxd4 12. Nxd4 exd4 13. Nb3 Qf6 14. Qxd4 Bg7 15. Qc5 Qe7 16. Re1 c6 17. Bxd5 cxd5 18. Be3 Qxc5 19. Nxc5 Bxb2 20. Rab1 Bc3 21. Re2 b6 22.
Nd3 Rc8 23. Nf4 Kd7 24. Rd1 Rhd8 25. Nxh5 Rc4 26. Bg5 Rdc8 27. Nf4 d4 28. Bf6 Rxa4 29. Re4 Rcc4 30. Nxe6 fxe6 31. Rxg4 Ra1 32. Rxa1 Bxa1 33. Rg7+ Kc6 34. Rxa7 Bb2 35. Kf1 Rxc2 36. h4 d3 37. Bxb2 Rxb2 38. Ke1 Re2+ 39. Kf1 Rb2 40. Ke1 Re2+ 41.
Kf1 Rb2 1/2-1/2

[Event "*** Titled Tuesday Blitz"]
[Site "Chess.com"]
[Date "2020.11.10"]
[Round "9"]
[White "kai_nov"]
[Black "Gerodot71"]
[Result "0-1"]
[WhiteElo "2333"]
[BlackElo "2487"]
[TimeControl "180+1"]
[EndTime "11:51:11 PST"]
[Termination "Gerodot71 won on time"]

1. d4 Nf6 2. c4 e6 3. Nc3 Bb4 4. f3 O-O 5. e4 Bxc3+ 6. bxc3 Ne8 7. f4 c5 8. Nf3 Nc6 9. Bd3 b6 10. O-O Ba6 11. e5 f5 12. exf6 Nxf6 13. d5 Na5 14. dxe6 Bxc4 15. exd7 Bxd3 16. Qxd3 Qxd7 17. Qc2 Nc4 18.
Rd1 Qc7 19. Qb3 b5 20. Qxb5 Nb6 21. Ne5 Nfd5 22. Bb2 Nxf4 23. c4 Rae8 24. Re1 Qb7 25.
Qc6 Qe7 26. Bc3 Qg5 27. Rad1 Nbd5 0-1

[Event "*** Titled Tuesday Blitz"]
[Site "Chess.com"]
[Date "2020.11.10"]
[Round "9"]
[White "Lenyas66"]
[Black "Kaslask"]
[Result "0-1"]
[WhiteElo "2448"]
[BlackElo "2370"]
[TimeControl "180+1"]
[EndTime "11:51:11 PST"]
[Termination "Kaslask won by resignation"]

1. d4 Nf6 2. Bg5 e6 3. e4 h6 4. Bxf6 Qxf6 5. Nf3 g5 6. c3 d6 7. Bd3 b6 8. e5 Qe7 9. O-O Bb7 10. Qa4+ Qd7 11. Bb5 Bc6 12. Bxc6 Qxc6 13. Qb3 Nd7 14. Re1 dxe5 15. Nxe5 Nxe5 16. Rxe5 Bg7 17. Re2 O-O 18. Nd2 b5 19. a3 a5 20. h4 a4 21. Qd1 gxh4 22.
Re4 h3 23. Qh5 f5 24. Rae1 fxe4 25. Rxe4 hxg2 26. Rg4 Rf6 27. Ne4 Rf7 28. Qg6 Qd7 29. Nf6+ Rxf6 30. Qxf6 e5 31. Qf3 Rf8 32. Qxg2 exd4 33.
cxd4 Qe7 0-1

[Event "*** Titled Tuesday Blitz"]
[Site "Chess.com"]
[Date "2020.11.10"]
[Round "9"]
[White "alexrustemov"]
[Black "FMKonstantin_Twitch"]
[Result "1/2-1/2"]
[WhiteElo "2709"]
[BlackElo "2565"]
[TimeControl "180+1"]
[EndTime "11:51:12 PST"]
[Termination "Game drawn by agreement"]

1. d4 Nf6 2. Nf3 g6 3. c4 Bg7 4. g3 O-O 5. Bg2 c5 6. Nc3 cxd4 7. Nxd4 Nc6 8. O-O d6 9. Nxc6 bxc6 10. Bxc6 Rb8 11. Bg2 Be6 12. Qd3 Qa5 13. Nb5 Rfc8 14. Bd2 Bxc4 15. Bxa5 Bxd3 16. exd3 Rxb5 17. b4 Nd5 18.
Bxd5 Rxd5 19. Rac1 Rxc1 20. Rxc1 Bd4 21. Kf1 Kg7 22. a4 g5 23. g4 e5 24. f3 Be3 25.
Rc3 Bd2 26. Rb3 Rd4 27. Ke2 Bf4 28. h3 d5 29. Bc7 e4 30. Bxf4 exf3+ 31. Kxf3 Rxf4+ 32. Ke3 Kf6 33. a5 a6 34. d4 h5 35. b5 axb5 36. Rxb5 hxg4 37. hxg4 Rxg4 38. Rxd5 Rg3+ 39. Ke4 Ra3 40. Rd6+ Ke7 41. Rd5 g4 42. Rg5 g3 43.
Kf4 Ke6 44. Rxg3 Rxa5 1/2-1/2

[Event "*** Titled Tuesday Blitz"]
[Site "Chess.com"]
[Date "2020.11.10"]
[Round "9"]
[White "Trickov"]
[Black "nochewycandy"]
[Result "1-0"]
[WhiteElo "2370"]
[BlackElo "2525"]
[TimeControl "180+1"]
[EndTime "11:51:12 PST"]
[Termination "Trickov won by resignation"]

1. d4 Nf6 2. Nf3 e6 3. g3 d5 4. Bg2 Be7 5. c4 O-O 6. O-O dxc4 7. Nbd2 c5 8. Nxc4 Nc6 9. dxc5 Bxc5 10. Qxd8 Rxd8 11.
Bg5 Be7 12. Rfd1 Bd7 13. Nfe5 Be8 14. Nxc6 Bxc6 15. Bxc6 bxc6 16. Ne5 Rxd1+ 17. Rxd1 Rc8 18. b3 h6 19. Bxf6 Bxf6 20. f4 c5 21. Rd7 Bxe5 22.
fxe5 c4 23. bxc4 Rxc4 24. Rxa7 Re4 25. Kf2 Rxe5 26. a4 Re4 27. Kf3 f5 28. a5 Kh7 29.
h4 Kg6 30. h5+ Kf6 31. Rb7 Ra4 32. Ra7 Ra3+ 33. e3 Ra4 34. a6 Ra5 35. Ke2 Kg5 36. Rxg7+ Kxh5 37. a7 e5 38. Kd3 Ra4 39. Kc3 f4 40.
gxf4 exf4 41. exf4 Kh4 42. f5 h5 43. f6 Ra3+ 44. Kb4 Rxa7 45. Rxa7 1-0

[Event "*** Titled Tuesday Blitz"]
[Site "Chess.com"]
[Date "2020.11.10"]
[Round "9"]
[White "FormerProdigy"]
[Black "LyonBeast"]
[Result "0-1"]
[WhiteElo "2888"]
[BlackElo "3071"]
[TimeControl "180+1"]
[EndTime "11:51:14 PST"]
[Termination "LyonBeast won by resignation"]

1. d4 Nf6 2. c4 g6 3. Nc3 Bg7 4. e4 d6 5. Nf3 O-O 6. Be2 Na6 7. O-O e5 8. Re1 c6 9. Be3 Qe7 10. c5 dxc5 11. dxe5 Ng4 12. Bg5 Qe6 13. Bxa6 bxa6 14. Bf4 Nxe5 15. Nxe5 Bxe5 16. Bxe5 Qxe5 17. Qc2 Be6 18. Na4 c4 19. b3 Rab8 20. Rab1 Rb4 21. Nb2 cxb3 22. axb3 Rxb3 23. Nc4 Rxb1 24. Rxb1 Qc5 25. Ne3 Qxc2 26. Nxc2 Rd8 27. Ra1 Bc4 28. f3 c5 29. Ne3 Bb5 30. Nd5 Kg7 31. Kf2 Bc4 32. g4 Bxd5 33. exd5 Rxd5 34. Rxa6 Rd7 35. Rc6 a5 36. Ra6 Rd2+ 37. Kg3 c4 38. Rxa5 c3 39. Rc5 c2 40. g5 Kf8 41. h4 Ke7 42. Kf4 Re2 43. Rc6 Kd7 44. Rc5 Kd6 45. Rc8 Kd5 46.
h5 Kd4 47. hxg6 hxg6 48. Kg3 Kd3 0-1

[Event "*** Titled Tuesday Blitz"]
[Site "Chess.com"]
[Date "2020.11.10"]
[Round "9"]
[White "SlavenPastar"]
[Black "narutosmith"]
[Result "0-1"]
[WhiteElo "2499"]
[BlackElo "2316"]
[TimeControl "180+1"]
[EndTime "11:51:14 PST"]
[Termination "narutosmith won by resignation"]

1. d4 Nf6 2. c4 e6 3. Nf3 Bb4+ 4. Bd2 a5 5. g3 d6 6. Bg2 Nbd7 7.
O-O e5 8. Nc3 O-O 9. a3 Bxc3 10.
Bxc3 Ne4 11. Be1 exd4 12. Qxd4 Ndf6 13. Nd2 Nxd2 14. Bxd2 h6 15. Bc3 Re8 16. b3 Qe7 17. e3 c6 18. Rad1 Bg4 19. Rd2 d5 20. cxd5 cxd5 21. Qf4 Ne4 22. Bxe4 Qxe4 23. Rd4 Qxf4 24. Rxf4 Be6 25. Rd4 Rec8 26. Rc1 Rc5 27. Bd2 Rac8 28. Rxc5 Rxc5 29. Kf1 b6 30. Ke2 Rc2 31. f3 Rb2 32. Rd3 d4 33. b4 Bc4 34. exd4 Rb3 0-1

[Event "*** Titled Tuesday Blitz"]
[Site "Chess.com"]
[Date "2020.11.10"]
[Round "9"]
[White "mamonika"]
[Black "BanjoKazooieN64"]
[Result "0-1"]
[WhiteElo "2053"]
[BlackElo "2395"]
[TimeControl "180+1"]
[EndTime "11:51:16 PST"]
[Termination "BanjoKazooieN64 won by checkmate"]

1. d4 Nf6 2. c4 g6 3. Nc3 Bg7 4. g3 O-O 5. Bg2 d6 6. e4 c6 7. Nf3 Qa5 8. O-O Qh5 9. Nd2 Bg4 10. f3 Bh3 11. f4 Qxd1 12. Rxd1 Bxg2 13. Kxg2 e5 14.
dxe5 dxe5 15. Nf3 exf4 16. Bxf4 Na6 17. a3 Nc5 18. Bd6 Ncxe4 19. Bxf8 Rxf8 20. Rac1 h6 21. b4 Re8 22. Re1 Nxc3 23. Rxc3 Rd8 24. Rc2 Rd3 25. a4 Ra3 26. Re7 Rxa4 27. Rxb7 Ra3 28. Rc7 Ng4 29. Re2 Ne3+ 30. Kf2 Nxc4 31. Rxc6 Rc3 32. Rc8+ Kh7 33. Rc7 g5 34. Rxf7 Kg6 35. Rxa7 h5 36. Re6+ Kf5 37. Rc6 Rc2+ 38. Ke1 Bc3+ 39. Kd1 Ne3# 0-1

[Event "*** Titled Tuesday Blitz"]
[Site "Chess.com"]
[Date "2020.11.10"]
[Round "9"]
[White "SerGo055"]
[Black "Vanina1989"]
[Result "0-1"]
[WhiteElo "2468"]
[BlackElo "2641"]
[TimeControl "180+1"]
[EndTime "11:51:17 PST"]
[Termination "Vanina1989 won by checkmate"]

1. d4 Nf6 2. Nf3 d5 3. c4 c6 4. Nc3 e6 5. Bg5 Nbd7 6. e3 Qa5 7. Nd2 h6 8. Bh4 Bb4 9. Qb3 O-O 10. Be2 b6 11. cxd5 cxd5 12. O-O Bxc3 13. bxc3 Ba6 14. Bxa6 Qxa6 15. c4 Rfc8 16. Rfc1 Qa5 17. Nf3 Ne4 18. cxd5 exd5 19. h3 Rc3 20. Rxc3 Nxc3 21. Kh2 Rc8 22. Rc1 f6 23. Bg3 b5 24. Bd6 Rc4 25. a3 Ne4 26. Bb4 Qc7+ 27. g3 a5 28. Be1 Rxc1 29. Qxd5+ Kh8 30.
Qxe4 Nf8 31. d5 Rd1 32. Bd2 Kg8 33. Kg2 Qc4 34. Qe7 Qf1+ 35. Kh2 Qh1# 0-1

[Event "*** Titled Tuesday Blitz"]
[Site "Chess.com"]
[Date "2020.11.10"]
[Round "9"]
[White "orestn"]
[Black "petrkostenko"]
[Result "1-0"]
[WhiteElo "2285"]
[BlackElo "2448"]
[TimeControl "180+1"]
[EndTime "11:51:19 PST"]
[Termination "orestn won by resignation"]

1. e4 e6 2. d4 d5 3. e5 c5 4. c3 Nc6 5. Nf3 Bd7 6. Bd3 cxd4 7. O-O dxc3 8. Nxc3 Nge7 9. Re1 Ng6 10. a3 Be7 11. b4 O-O 12. Bb2 Re8 13. h3 Rc8 14. Rc1 Nf4 15.
Bb1 f5 16. Qd2 Ng6 17. Nxd5 Bf8 18. Ba2 Nce7 19. Ne3 Rxc1 20. Rxc1 Bc8 21. Qc2 f4 22. Rd1 Qb6 23. Nc4 Qc6 24. b5 Qc7 25. Qa4 Rd8 26.
Nd6 Nd5 27. Rxd5 Bxd6 28. Rxd6 Rxd6 29. exd6 Qxd6 30. Qd4 Qxd4 31. Bxd4 b6 32. Be5 Bd7 33. a4 1-0

[Event "*** Titled Tuesday Blitz"]
[Site "Chess.com"]
[Date "2020.11.10"]
[Round "9"]
[White "Gusarov91"]
[Black "KuzubovYuriy"]
[Result "0-1"]
[WhiteElo "2646"]
[BlackElo "2839"]
[TimeControl "180+1"]
[EndTime "11:51:20 PST"]
[Termination "KuzubovYuriy won by resignation"]

1. d4 g6 2. Nf3 Bg7 3. c3 d6 4. Bg5 h6 5. Bh4 Nf6 6. Nbd2 Nc6 7. e4 g5 8. Bg3 Nh5 9. Bc4 e6 10. Qe2 Qe7 11. O-O-O Bd7 12. Ne1 Nxg3 13. hxg3 a6 14. Bb3 b5 15. f4 b4 16. e5 bxc3 17. bxc3 Rb8 18. Qxa6 O-O 19. Nc2 Rb6 20. Qd3 Na5 21. Rdf1 Bb5 22. c4 Ba6 23. f5 exf5 24. Qxf5 dxe5 25.
c5 Rf6 26. Qe4 Bxf1 27. Nxf1 Nxb3+ 28. axb3 Re8 29. Nd2 exd4 30. Qxe7 Rxe7 31. Nxd4 Ra6 32. Nf5 Re2 33. Nxg7 Ra1+ 34. Nb1 Kxg7 35. Rd1 Rxg2 36. b4 Raa2 37. Nd2 Ra4 38. b5 Ra5 39. Kc2 Rxb5 40. c6 Rd5 41. Kc3 Rdxd2 42. Rxd2 Rxd2 43. Kxd2 h5 44. Ke3 Kf6 45. Ke4 Ke6 46. Kf3 f5 47. Ke3 Kd5 48. Kd3 Kxc6 0-1

[Event "*** Titled Tuesday Blitz"]
[Site "Chess.com"]
[Date "2020.11.10"]
[Round "9"]
[White "jacky72"]
[Black "sofaceindisguise"]
[Result "0-1"]
[WhiteElo "2532"]
[BlackElo "2691"]
[TimeControl "180+1"]
[EndTime "11:51:20 PST"]
[Termination "sofaceindisguise won by checkmate"]

1. d4 Nf6 2. c4 g6 3. Nc3 Bg7 4. e4 O-O 5. Be2 c6 6. Bg5 d5 7.
cxd5 cxd5 8. Bxf6 Bxf6 9. Nxd5 Bg7 10. Nf3 Nc6 11. O-O e6 12. Nc3 Nxd4 13. Nxd4 Bxd4 14.
Qd3 Qf6 15. Rad1 Bxc3 16. Qxc3 Qxc3 17. bxc3 b6 18. e5 Bb7 19. Rd7 Bc6 20. Rd6 Rfc8 21. Ba6 Rc7 22. c4 Kg7 23. Rfd1 Re8 24. f4 Ree7 25. Kf2 Ba4 26. R1d4 Rc5 27. Rd2 Ra5 28. Bc8 Rc7 29. Bd7 Rxc4 30. g3 Bc2 31.
Be8 g5 32. fxg5 Rxe5 33. h4 Bg6 34. Rd7 a5 35. Rb7 Rb4 36. Rdd7 Rb2+ 37. Kf3 Rf5+ 38. Kg4 Rff2 39. Rd4 h5+ 40. gxh6+ Kxh6 41. h5 Bxh5+ 42. Kh4 Rh2# 0-1

[Event "*** Titled Tuesday Blitz"]
[Site "Chess.com"]
[Date "2020.11.10"]
[Round "9"]
[White "Sergey85Rodchenkov"]
[Black "PetrolulSah"]
[Result "1/2-1/2"]
[WhiteElo "2456"]
[BlackElo "2240"]
[TimeControl "180+1"]
[EndTime "11:51:20 PST"]
[Termination "Game drawn by repetition"]

1. e4 e5 2. Nf3 Nc6 3. Bc4 Bc5 4.
d3 Nf6 5. O-O O-O 6. Re1 d6 7.
c3 Bg4 8. Nbd2 a6 9. Nf1 Na5 10. b4 Nxc4 11. bxc5 Na5 12. Be3 Nh5 13. Ng3 Qf6 14. Rb1 Rfd8 15. Qa4 Nf4 16. Bxf4 exf4 17.
Qxa5 fxg3 18. hxg3 dxc5 19. Rxb7 Bxf3 20. gxf3 Rxd3 21.
Qxc7 h6 22. f4 Rxc3 23. e5 Qf5 24. e6 Rf8 25. e7 Re8 26. Rb8 Qg4 27. Rxe8+ Kh7 28. Rh8+ Kg6 29. e8=Q Rxg3+ 30. fxg3 Qxg3+ 31. Kf1 Qf3+ 32. Kg1 Qg3+ 33. Kf1 Qf3+ 34. Kg1 Qg3+ 1/2-1/2

[Event "*** Titled Tuesday Blitz"]
[Site "Chess.com"]
[Date "2020.11.10"]
[Round "9"]
[White "dpopadic"]
[Black "Pertinhez76"]
[Result "1-0"]
[WhiteElo "2349"]
[BlackElo "2120"]
[TimeControl "180+1"]
[EndTime "11:51:20 PST"]
[Termination "dpopadic won by checkmate"]

1. e4 e6 2. Nf3 c5 3. d4 cxd4 4. Nxd4 a6 5. Nc3 Nc6 6. Nb3 Qc7 7. Bd3 b5 8. Qe2 b4 9. Nd1 d6 10. Ne3 Nge7 11. O-O g6 12. Nc4 Bg7 13. Bf4 e5 14. Be3 O-O 15. Nb6 Ra7 16. Nxc8 Rxc8 17. Bxa7 Qxa7 18.
Bxa6 Rc7 19. Bd3 Rd7 20. h3 Bh6 21. a3 bxa3 22. Rxa3 Qb6 23. Rfa1 Kg7 24. Ra6 Qb7 25. Qe1 d5 26. Nc5 Qc7 27. Nxd7 Qxd7 28. Bb5 d4 29. Qe2 Qb7 30. Bxc6 Nxc6 31. Qc4 Nd8 32. b3 Qxe4 33. Ra7 Bg5 34. Rd7 Qf5 35. Raa7 h5 36. Qd3 Qf4 37. g3 Qc1+ 38. Kg2 h4 39. Qf3 Bf6 40.
Rxd8 Bxd8 41. Qxf7+ Kh6 42. Qf8+ Kh5 43. Rh7+ Kg5 44. Qxd8+ Kf5 45. Qf8+ Ke4 46. Qf3# 1-0

[Event "*** Titled Tuesday Blitz"]
[Site "Chess.com"]
[Date "2020.11.10"]
[Round "9"]
[White "profofchess"]
[Black "Kazmin_Dmitrij"]
[Result "1-0"]
[WhiteElo "2413"]
[BlackElo "2262"]
[TimeControl "180+1"]
[EndTime "11:51:20 PST"]
[Termination "profofchess won by resignation"]

1. e4 e5 2. Nf3 d6 3. d4 exd4 4. Qxd4 Qf6 5. Qd3 Be7 6. Nc3 c6 7. h4 h6 8. Bg5 Qe6 9. Nd4 Qd7 10. Be3 Nf6 11. Nf5 O-O 12. Bxh6 Nh5 13. Be2 gxh6 14. Bxh5 Kh7 15. O-O-O Na6 16. Nxe7 Qxe7 17. e5+ Kh8 18. exd6 Qf6 19. d7 Nc5 20. Qe3 Nxd7 21. Ne4 Qg7 22. Rh3 Nf6 23. Rg3 Nxh5 24. Rxg7 Kxg7 25. Nd6 Be6 26. g4 Nf6 27. Qe5 Kg6 28. h5+ Kg7 29. Ne4 1-0